 Dungeon Crawl Stone Soup version 0.28.0 (webtiles) character file.

Game seed: 17476553530557053312

1112 CrazyMind the Ruffian (level 8, -10/59 HPs)
             Began as a Yellow Draconian Transmuter on Feb 17, 2022.
             Was a Believer of Makhleb.
             Killed from afar by a steam dragon (12 damage)
             ... with a ball of steam
             ... on level 6 of the Dungeon.
             The game lasted 00:17:47 (6142 turns).

CrazyMind the Ruffian (Yellow Draconian Transmuter) Turns: 6142, Time: 00:17:48

Health: -10/59     AC:  6    Str: 14    XL:     8   Next: 11%
Magic:  10/13      EV: 20    Int: 15    God:    Makhleb [**....]
Gold:   226        SH:  0    Dex: 16    Spells: 8/14 levels left

rFire   . . .      SeeInvis .     - Unarmed
rCold   . . .      Faith    .   (shield currently unavailable)
rNeg    . . .      Spirit   .   (armour unavailable)
rPois   x          Reflect  .   (helmet currently unavailable)
rElec   .          Harm     .   (cloak currently unavailable)
rCorr   .          Rampage  .   (gloves currently unavailable)
Will    .....                   (boots currently unavailable)
Stlth   ++........              (no amulet)
HPRegen 0.19/turn               j - +4 ring of protection
MPRegen 0.13/turn               (no ring)

@: spider-form (expiring)
A: venomous fangs, (spit acid), AC +6, tiny, unfitting armour, (cold-blooded),
(acid resistance)
a: End Transformation, Renounce Religion, Minor Destruction


You were on level 6 of the Dungeon.
You worshipped Makhleb.
Makhleb was pleased with you.
You were a venomous arachnid creature.
You visited 2 branches of the dungeon, and saw 7 of its levels.
You also visited: Sewer.

You collected 226 gold pieces.

Inventory:

Missiles
 a - 202 stones
 h - 3 poisoned darts
 o - 6 curare-tipped darts
 t - 5 boomerangs
 w - 5 atropa-tipped darts
Armour
 v - a +2 pair of gloves (melded)
Jewellery
 b - an amulet of guardian spirit
 d - a ring of ice
 j - a +4 ring of protection (left front leg)
Wands
 u - a wand of iceblast (8)
Scrolls
 e - 3 scrolls of identify
 q - a scroll of fear {unknown}
 r - 2 scrolls of teleportation {unknown}
 s - a scroll of torment {unknown}
 x - a scroll of fog {unknown}
Potions
 c - 2 potions of magic {unknown}
 f - 2 potions of might
 g - 2 potions of curing {unknown}
 i - 3 potions of degeneration
 k - 5 potions of flight
 l - 2 potions of mutation
 m - a potion of attraction {unknown}
 n - 2 potions of haste {unknown}
 p - 3 potions of heal wounds


   Skills:
 + Level 1.4 Fighting
 + Level 3.4 Dodging
 + Level 2.1 Stealth
 + Level 6.3 Unarmed Combat
 + Level 3.8 Spellcasting
 * Level 4.7 Transmutations
 + Level 0.2 Poison Magic
 * Level 2.7 Invocations


You had 8 spell levels left.
You knew the following spells:

 Your Spells              Type           Power      Damage    Failure   Level
a - Beastly Appendage     Tmut           34%        N/A       10%         1
b - Wereblood             Tmut           17%        N/A       13%         2
c - Spider Form           Tmut/Pois      10%        N/A       41%         3

Your spell library contained the following spells:

 Spells                   Type           Power      Damage    Failure   Level
 Animate Skeleton         Necr           4%         N/A       38%         1
 Pain                     Necr           8%         1d4       38%         1
 Sublimation of Blood     Necr           2%         N/A       50%         2
 Stone Arrow              Conj/Erth      4%         3d7       71%         3
 Vampiric Draining        Necr           2%         2d6       71%         3
 Ice Form                 Ice/Tmut       10%        N/A       77%         4
 Summon Hydra             Summ           1%         N/A       100%        7
 Lehudib's Crystal Spear  Conj/Erth      1%         10d2      100%        8
 Animate Armour           Summ/Erth      Unusable   N/A       N/A         4

Dungeon Overview and Level Annotations

Branches:
Dungeon (6/15)             Temple (1/1) D:4           Sewer (visited)

Altars:
Ashenzari
Cheibriados
Dithmenos
Elyvilon
Fedhas
Gozag
Hepliaklqana
Kikubaaqudgha
Makhleb
Nemelex Xobeh
Okawaru
Qazlal
Ru
Sif Muna
Trog
Uskayaw
Vehumet
Wu Jian
Xom
Yredelemnul
Zin
The Shining One

Shops:
D:6 (


Innate Abilities, Weirdness & Mutations

You are a venomous arachnid creature.
You have poisonous fangs.
You are tiny and dextrous.
Your spellcasting is less reliable in this form.
Your armour is entirely melded.
You are incapable of wielding weapons or throwing items.
((You can spit globs of acid.))
((Your golden yellow scales are hard. (AC +6)))
You cannot fit into any form of body armour.
((You are cold-blooded and may be slowed by cold attacks.))
((You are resistant to acid. (rCorr)))


Message History

The centaur zombie hits you.
* * * LOW HITPOINT WARNING * * *
The centaur zombie closely misses you.
You hit the steam dragon.
You headbutt the steam dragon, but do no damage.
The steam dragon is lightly wounded.
The centaur zombie hits you.
* * * LOW HITPOINT WARNING * * *
The centaur zombie misses you. The steam dragon breathes steam at you.
The ball of steam hits you!
* * * LOW HITPOINT WARNING * * *
It was a potion of heal wounds.
You feel much better.
You are engulfed in a cloud of scalding steam.
The centaur zombie is engulfed in a cloud of scalding steam.
The centaur zombie barely misses you.
The centaur zombie kicks you but does no damage.
The steam dragon barely misses you.
The steam dragon claws you but does no damage.
The centaur zombie is engulfed in a cloud of scalding steam.
The centaur zombie barely misses you.
The centaur zombie kicks you but does no damage.
Casting: Beastly Appendage (safe; 2% risk of failure)
Confirm with . or Enter, or press ? or * to list all spells.
Your horns disappear.
Your talons disappear.
You turn into a venomous arachnid creature.
Your +2 pair of gloves melds into your body.
You are engulfed in a cloud of scalding steam.
* * * LOW HITPOINT WARNING * * *
The steam dragon barely misses you. The steam dragon completely misses you.
The centaur zombie is engulfed in a cloud of scalding steam.
The centaur zombie closely misses you. x2
You are engulfed in a cloud of scalding steam.
* * * LOW HITPOINT WARNING * * *
The centaur zombie is engulfed in a cloud of scalding steam.
The centaur zombie closely misses you. The centaur zombie barely misses you.
Your transformation is almost over.
The steam dragon breathes steam at you. The ball of steam hits you!
You die...

.⌠.###.♣ #..# .. #.#.#.#
#...# ... .###.## ..#.##...
##### ###.⌠.###........
....# ##.#.#.##........
....# #[###.#.#[......
....# .⌠ ##.8.#..#######
....# #.#
##.#...##....#####....##+
###
###.......s§§.D.........
##...........Z..........
.##.......................
#......∩..................
..........................?
#.........................(
###########################


You could see a centaur zombie.

Vanquished Creatures
  An orc warrior (D:4)
  A necrophage (D:4)
  2 ogres
  A scorpion (D:5)
  A water moccasin zombie (D:6)
  A howler monkey (D:5)
  A centaur zombie (D:6)
  A hound (D:5)
  A jelly (D:3)
  A bullfrog skeleton (D:5)
  2 iguanas (D:5)
  3 orc wizards
  Ijyb (D:5)
  4 gnolls (D:3)
  6 adders
  6 river rats (Sewer)
  A white imp (D:5)
  7 worms
  2 dart slugs
  24 orcs
  10 bats
  5 endoplasms
  12 giant cockroaches
  9 goblins
  13 hobgoblins
  A jackal (Sewer)
  9 quokkas
  11 ball pythons
  6 frilled lizards
  5 kobolds
  6 rats
154 creatures vanquished.

Notes
Turn   | Place    | Note
-------+----------+-------------------------------------------
     0 | D:1      | CrazyMind the Draconian Transmuter began the quest for the
                  | Orb.
     0 | D:1      | Reached XP level 1. HP: 16/16 MP: 3/3
   293 | D:1      | Reached XP level 2. HP: 16/23 MP: 3/5
   296 | D:1      | Learned a level 2 spell: Wereblood
   714 | D:1      | Reached XP level 3. HP: 28/28 MP: 6/6
  1718 | D:2      | Found a faded altar of an unknown god.
  2030 | D:3      | Reached XP level 4. HP: 35/35 MP: 7/7
  2161 | D:3      | Reached skill level 1 in Stealth
  2161 | D:3      | Reached skill level 4 in Unarmed Combat
  2209 | D:3      | Reached XP level 5. HP: 40/40 MP: 5/9
  2802 | D:4      | Found a staircase to the Ecumenical Temple.
  2825 | Temple   | Entered the Ecumenical Temple
  2839 | Temple   | Became a worshipper of Makhleb the Destroyer
  2886 | D:4      | Noticed an ogre
  2899 | D:4      | Killed an ogre
  2900 | D:4      | Reached XP level 6. HP: 47/47 MP: 6/10
  2956 | D:4      | Noticed an orc warrior
  2966 | D:4      | Killed an orc warrior
  2967 | D:4      | Reached skill level 5 in Unarmed Combat
  3125 | D:4      | Found a glowing drain.
  3143 | Sewer    | Entered a sewer
  3207 | Sewer    | Reached * piety under Makhleb
  3542 | Sewer    | Your scales start taking on a golden yellow colour.
  3542 | Sewer    | Reached XP level 7. HP: 49/52 MP: 12/12
  3542 | Sewer    | Gained mutation: You are resistant to acid. (rCorr) [Yellow
                  | Draconian growth]
  3709 | Sewer    | Reached ** piety under Makhleb
  4151 | D:4      | Reached skill level 1 in Invocations
  4433 | D:4      | Found a stormy altar of Qazlal.
  4754 | D:5      | Entered Level 5 of the Dungeon
  4782 | D:5      | Learned a level 3 spell: Spider Form
  4884 | D:5      | Reached skill level 6 in Unarmed Combat
  5016 | D:5      | Noticed Ijyb
  5028 | D:5      | Killed Ijyb
  5524 | D:5      | Reached XP level 8. HP: 46/59 MP: 9/13
  6109 | D:6      | Found Wieraev's Antique Weapon Emporium.
  6134 | D:6      | HP: 1/59 [steam dragon/ball of steam (13)]
  6142 | D:6      | Killed from afar by a steam dragon

Illustrated notes

Levels and vault maps discovered:
D:1:      dpeg_arrival_oval, layout_basic
D:2:      layout_basic, shapermc_ecumenical_altar_ellora, grunt_ministairs_13,
          minmay_liquid_box, minmay_pentomino_t4
D:3:      layout_loops_cross
D:4:      layout_loops_ring, lemuel_crystal_altar, minmay_temple_entry_wispy,
          cheibrodos_sewer_entry_drain
D:5:      layout_basic, uniq_ijyb
D:6:      layout_gridville, serial_shops, shop, serial_bayou,
          serial_bayou_shore_a, serial_bayou_pond_a, serial_bayou_pond_b,
          serial_bayou_pond_c, grunt_decor_mini_mirrors, lightli_minifort,
          uniq_grinder, uniq_blork_the_orc
Temple:   mainiacjoe_temple_hex_bubbles

Skill      XL: |  1  2  3  4  5  6  7 |
---------------+----------------------+-----
Dodging        | 2 3 |  3.4
Stealth        | 1 2 |  2.1
Unarmed Combat | 4 5 6 |  6.3
Spellcasting   | 3 |  3.8
Transmutations | 3 4 |  4.7
Invocations    | 2 |  2.7
Fighting       | |  1.4
Poison Magic   | |  0.2

Action                   |  1- 3 |  4- 6 |  7- 9 || total
-------------------------+-------+-------+-------++-------
Melee: Unarmed           |   145 |   202 |   204 ||   551
       Kick              |    15 |    38 |    15 ||    68
       Headbutt          |     9 |    21 |     9 ||    39
       Tailslap          |    19 |    17 |    13 ||    49
       Punch             |     3 |     3 |     9 ||    15
 Cast: Beastly Appendage |    10 |    18 |     9 ||    37
       Wereblood         |     1 |     8 |     1 ||    10
       Spider Form       |       |       |     5 ||     5
  Use: Potion            |       |     2 |     3 ||     5
       Scroll            |       |     1 |       ||     1
 Stab: Sleeping          |     1 |     1 |     1 ||     3
Armor: Skin              |    42 |    86 |    81 ||   209
Dodge: Dodged            |   109 |   135 |   130 ||   374
